 Dungeon Crawl Stone Soup version 0.29-a0-1014-ga8c0faee3b (webtiles) character file.

Game seed: 8116552413495203248

35 BritishOli the Trooper (level 3, 0/15 (29) HPs)
             Began as a Demonspawn Fighter on Aug 9, 2022.
             Slain by an orc wizard
             ... wielding a +1 dagger of draining
              (3 damage)
             ... on level 2 of the Dungeon.
             The game lasted 00:01:24 (2071 turns).

BritishOli the Trooper (Demonspawn Fighter)         Turns: 2071, Time: 00:01:24

HP:   0/15 (29)     AC:  7    Str: 18    XL:     3   Next: 17%
MP:   3/3           EV:  9    Int:  9    God:
Gold: 62            SH:  0    Dex: 12    Spells: 2/2 levels left

rFire   . . .      SeeInvis .   a - +0 long sword
rCold   . . .      Faith    .   c - +0 buckler
rNeg    . . .      Spirit   .   b - +0 scale mail
rPois   .          Reflect  .   (helmet restricted)
rElec   .          Harm     .   (no cloak)
rCorr   .          Rampage  .   (no gloves)
Will    .....                   o - +0 pair of boots
Stlth   ..........              (no amulet)
HPRegen 0.05/turn               (no ring)
MPRegen 0.08/turn               (no ring)

@: confused, very heavily drained
A: horns 1
a: no special abilities


You were on level 2 of the Dungeon.
You visited 1 branch of the dungeon, and saw 3 of its levels.

You collected 62 gold pieces.

Inventory:

Hand Weapons
 a - a +0 long sword (weapon)
Armour
 b - a +0 scale mail (worn)
 c - a +0 buckler (worn)
 o - a +0 pair of boots (worn)
Wands
 m - a wand of flame (20)
Scrolls
 e - 2 scrolls of amnesia {unknown}
 f - 3 scrolls of fear {unknown}
 g - 4 scrolls of poison {unknown}
 h - a scroll of enchant weapon {unknown}
 i - 2 scrolls of identify {unknown}
Potions
 d - 2 potions of might
 j - 2 potions of lignification {unknown}
 k - a potion of flight {unknown}
 l - 2 potions of curing {unknown}
 n - a potion of berserk rage {unknown}
 p - a potion of cancellation {unknown}


   Skills:
 + Level 3.4 Fighting
 + Level 2.2 Long Blades
 + Level 3.0 Armour
 + Level 3.0 Shields


You had 2 spell levels left.
You didn't know any spells.
Your spell library contained the following spells:

 Spells                   Type           Power      Damage    Failure   Level
 Necrotise                Necr           0%         1d4       86%         1
 Ensorcelled Hibernation  Hex/Ice        0%         N/A       94%         2
 Passwall                 Tmut/Erth      0%         N/A       94%         2
 Swiftness                Air            0%         N/A       99%         3
 Vampiric Draining        Necr           0%         2d6       99%         3
 Agony                    Necr           0%         N/A       100%        5


Dungeon Overview and Level Annotations

Branches:
Dungeon (3/15)

Altars:


Innate Abilities, Weirdness & Mutations

You have a pair of small horns on your head.


Message History

Something hits you but does no damage.
You feel drained. The quokka bites you.
There is a stone staircase leading up here.
Something hits you but does no damage.
You feel drained. The quokka barely misses you.
You climb upwards.
Reactivating autopickup.
There is a stone staircase leading down here.
You slash the quokka!
You kill the quokka!
You block something's attack.
Deactivating autopickup; reactivate with Ctrl-A.
Something hits you but does no damage.
You feel drained.
No target in view!
No target in view!
No target in view!
You start resting.
Something hits you.
You feel drained.
You closely miss something. Something hits you but does no damage.
You feel drained.
You closely miss something. Your headbutt misses something. Something hits you.
You feel drained.
You barely miss something. Something hits you but does no damage.
You feel drained.
You hear some strange, mumbled words.
You are confused.
You miss something. Your headbutt misses something. Something hits you.
You feel drained.
You hit something but do no damage. Your headbutt misses something.
You hear some strange, mumbled words.
You are more confused.
You hear some strange, mumbled words.
A puff of flame appears from out of thin air!
The puff of flame hits you!
Ouch! That really hurt!
* * * LOW HITPOINT WARNING * * *
You see here a quokka corpse.
You bump into the rock wall.
Something hits you but does no damage.
You feel drained.
You bump into the rock wall.
Something hits you.
You die...

###.#####.##############
###.#####..............#
..............##.#######
.##..#.##.######.# ..........#
#.# .##..#.#### #.#
.##..#.#########.#
.......).......{>#
............####@################
................................#
.###.#.###..####.################
.###'#.# #..# #.#
.##....###..####.########
.##....##...............#
.##....##...#############
................#
.......##...###.#


There were no monsters in sight!

Vanquished Creatures
  3 ball pythons
  4 endoplasms
  A giant cockroach (D:1)
  2 goblins (D:2)
  5 hobgoblins (D:2)
  4 jackals (D:1)
  2 quokkas (D:2)
  4 bats
  A frilled lizard (D:2)
  5 rats
31 creatures vanquished.

Notes
Turn   | Place    | Note
-------+----------+-------------------------------------------
     0 | D:1      | BritishOli the Demonspawn Fighter began the quest for the
                  | Orb.
     0 | D:1      | Reached XP level 1. HP: 18/18 MP: 1/1
   421 | D:1      | Gained mutation: You have a pair of small horns on your
                  | head. [demonic ancestry]
   421 | D:1      | Reached XP level 2. HP: 10/24 MP: 2/2
   910 | D:1      | Found a faded altar of an unknown god.
  1330 | D:2      | Reached XP level 3. HP: 8/29 MP: 3/3
  2071 | D:2      | Slain by an orc wizard

Illustrated notes

Levels and vault maps discovered:
D:1:      ebering_hopf_link, layout_loops_ring,
          hellmonk_ecumenical_altar_inner_sanctum
D:2:      layout_basic, nicolae_elevator_lobby_asterisk
D:3:      layout_basic, minitemple

Skill      XL: |  1  2 |
---------------+-------+-----
Long Blades    | 2 |  2.2
Armour         | 3 |  3.0
Shields        | 3 |  3.0
Fighting       | |  3.4

Action                   || total
-------------------------++-------
Melee: Long sword        ||   104
       Headbutt          ||     9
Armor: Scale mail        ||    75
Dodge: Dodged            ||    70
Block: Buckler           ||    25

Table legend: (Time is in decaauts)
 A = Elapsed time spent in this place.
 B = Non-inter-level travel time spent in this place.
 C = Inter-level travel time spent in this place.
 D = Time resting spent in this place.
 E = Time spent auto-exploring this place.
 F = Levels seen in this place.
 G = Mean time per level.
                   A        B        C        D        E       F      G
               +--------+--------+--------+--------+--------+-----+--------+
         Total |   2109 |   2024 |     85 |    447 |   1298 |   3 |  703.0 |
       Dungeon |   2109 |   2024 |     85 |    447 |   1298 |   3 |  703.0 |
               +--------+--------+--------+--------+--------+-----+--------+

Top non-repeatable levels by time:
     D:2: 1102 daAuts
     D:1: 988 daAuts
     D:3: 19 daAuts
